 Dungeon Crawl Stone Soup version 0.17.0-23-g0de4337 (webtiles) character file.

1900 AAAAA the Carver (level 8, -2/64 HPs)
             Began as a Demonspawn Fighter on Nov 13, 2015.
             Was an Initiate of Ashenzari.
             Slain by an orc warrior
             ... wielding a +0 long sword
              (24 damage)
             ... on level 6 of the Dungeon.
             The game lasted 00:22:27 (4871 turns).

AAAAA the Carver (Demonspawn Fighter)               Turns: 4871, Time: 00:22:29

Health: -2/64      AC:  9    Str: 16    XL:     8   Next: 93%
Magic:  8/8        EV:  6    Int: 10    God:    Ashenzari [......]
Gold:   184        SH:  9    Dex: 15    Spells: 0 memorised, 7 levels left

rFire  . . .     SeeInvis .     x - +0 scimitar (curse)
rCold  . . .     Clarity  .     b - +0 scale mail (curse)
rNeg   . . .     SustAt   .     c - +0 shield (curse)
rPois  .         Gourm    .     (no helmet)
rElec  .         Spirit   .     C - +1 cloak (curse)
rCorr  .         Warding  .     (no gloves)
rMut   .         Stasis   .     (no boots)
MR     +....                    (no amulet)
Stlth  ..........               (no ring)
                                u - ring of protection from magic (curse)

@: somewhat resistant to hostile enchantments, extremely unstealthy
A: talons 2, powered by death 3
a: Renounce Religion


You were on level 6 of the Dungeon.
You worshipped Ashenzari.
Ashenzari was noncommittal.
You were not hungry.

You visited 2 branches of the dungeon, and saw 7 of its levels.
You also visited: Ossuary.

You collected 260 gold pieces.
You spent 76 gold pieces at shops.

Inventory:

Hand Weapons
 t - a cursed +3 falchion
 x - a cursed +0 scimitar (weapon)
Missiles
 r - 5 curare-tipped needles
 s - 4 javelins (quivered)
 z - a throwing net
Armour
 b - a cursed +0 scale mail (worn)
 c - a cursed +0 shield (worn)
 C - a cursed +1 cloak (worn)
 D - the +3 leather armour "Miagih" {rC++ MR+}
   (You found it on level 4 of the Dungeon)

   It greatly protects you from cold.
   It affects your resistance to hostile enchantments.
 E - a +1 cloak of poison resistance
Jewellery
 u - a cursed ring of protection from magic (left hand)
Wands
 w - a wand of random effects (18)
Scrolls
 e - 2 scrolls of curse armour
 g - 5 scrolls of teleportation
 j - a scroll of fog
 k - 3 scrolls of recharging
 p - a scroll of enchant weapon
 q - a scroll of curse jewellery
 y - a scroll of curse weapon
 A - a scroll of remove curse
Potions
 d - 2 potions of might
 f - 3 potions of agility
 l - 3 potions of poison
 m - 3 potions of heal wounds
 o - 6 potions of curing
 v - 2 potions of flight
 F - a potion of brilliance {unknown}
 G - a potion of cure mutation {unknown}
 H - a potion of lignification {unknown}
Comestibles
 a - 2 bread rations
 h - 7 meat rations
 i - 5 fruits
 n - 3 beef jerkies
 B - a royal jelly
 I - a slice of pizza


   Skills:
 + Level 5.9 Fighting
 - Level 8.5 Long Blades
 + Level 5.4 Armour
 - Level 2.6 Shields


You had 7 spell levels left.
You didn't know any spells.

Dungeon Overview and Level Annotations

Branches:
Dungeon (6/15)             Temple (1/1) D:4

Altars:
Ashenzari
Cheibriados
Elyvilon
Fedhas
Gozag
Kikubaaqudgha
Makhleb
Nemelex Xobeh
Qazlal
Ru
Sif Muna
Trog
Vehumet
Xom
Yredelemnul
Zin
The Shining One

Shops:
D:4 [

Annotations:
D:5 Sagrath01's ghost, amateur DsCK


Innate Abilities, Weirdness & Mutations

You have razor-sharp toenails.
You regenerate a lot of health from kills.


Message History

You feel less regenerative.
The orc wizard gestures at you while chanting.
The puff of frost hits you!
* * * LOW HITPOINT WARNING * * *
The orc warrior hits you with a long sword.
* * * LOW HITPOINT WARNING * * *
The orc wizard casts a spell at you. You block the puff of flame.
Drink which item? (? for menu, Esc to quit)
You feel much better.
The orc wizard hits you but does no damage.
The orc warrior hits you with a long sword!
You closely miss the orc wizard.
The orc wizard is almost dead.
The orc wizard points at you and mumbles some strange words.
The magic dart hits you!
The orc wizard gestures at you while chanting.
The magic dart hits you!
The orc warrior hits you with a long sword!!
You die...

o)....................###.#
#..........#.############.#
#.......>..#.##.$.......#.#
#..........#.##.........#.#
#..........#.##....)....#.#
#..........#.##.....(...#.#
#..........#.##.(.......#.#
#..........#.##o..(.....#.#
########..<..)(o@.......#.#
#..##.##.........#.# .##
#..........#.# .#
............#.#
...####.####.#.# #.#..
..... #.[.# .
...#.......#.### ...
#.......#.# ... ..#


You could see an orc warrior and an orc wizard.

Vanquished Creatures
  Pikel (D:4)
  Eustachio (D:6)
  Edmund (D:4)
  An ogre (D:4)
  Blork the orc (D:4)
  A giant frog (D:6)
  4 wights (D:6)
  A giant frog zombie (D:3)
  A centaur zombie (Ossuary)
  A giant frog skeleton (D:6)
  3 human zombies (Ossuary)
  Crazy Yiuf (D:5)
  A hound (D:4)
  3 orc priests (D:5)
  5 orc wizards
  A centaur skeleton (D:4)
  Jessica (D:2)
  Natasha (D:2)
  A worker ant (D:4)
  2 mummies (Ossuary)
  A worker ant zombie (D:6)
  2 gnolls (D:4)
  5 adders
  A shadow imp (D:6)
  An adder zombie (Ossuary)
  3 worms (D:3)
  5 giant geckos
  16 orcs
  8 bats
  3 giant cockroaches
  7 goblins
  7 hobgoblins
  10 jackals
  2 kobolds
  2 quokkas
  A ball python (D:2)
  A giant gecko skeleton (D:5)
  3 giant newts
  4 goblin zombies
  8 hobgoblin zombies (Ossuary)
  2 jackal zombies
  9 kobold zombies (Ossuary)
  8 orc zombies (Ossuary)
  A quokka skeleton (D:4)
  A quokka zombie (D:4)
  6 rats
  4 rat zombies (Ossuary)
153 creatures vanquished.

Vanquished Creatures (others)
  A centaur skeleton (D:4)
  2 adders (D:4)
  2 gnolls (D:4)
  3 jackals (D:4)
  A giant newt (D:4)
9 creatures vanquished.

Grand Total: 162 creatures vanquished

Notes
Turn   | Place    | Note
--------------------------------------------------------------
     0 | D:1      | AAAAA the Demonspawn Fighter began the quest for the Orb.
     0 | D:1      | Reached XP level 1. HP: 18/18 MP: 1/1
   222 | D:1      | Gained mutation: You have sharp toenails. [demonic ancestry]
   222 | D:1      | Reached XP level 2. HP: 24/24 MP: 2/2
   884 | D:2      | Noticed Natasha
   892 | D:2      | Killed Natasha
   892 | D:2      | Gained mutation: You regenerate a little health from kills. [demonic ancestry]
   892 | D:2      | Reached XP level 3. HP: 10/29 MP: 3/3
  1127 | D:2      | Noticed Jessica
  1131 | D:2      | Killed Jessica
  1131 | D:2      | Reached skill level 4 in Long Blades
  1131 | D:2      | Reached XP level 4. HP: 35/35 MP: 4/4
  2060 | D:3      | Gained mutation: You regenerate health from kills. [demonic ancestry]
  2060 | D:3      | Reached XP level 5. HP: 19/41 MP: 5/5
  2114 | D:3      | Reached skill level 5 in Long Blades
  2223 | D:4      | Noticed an ogre
  2227 | D:4      | Killed an ogre
  2245 | D:4      | Found a staircase to the Ecumenical Temple.
  2253 | D:4      | Reached XP level 6. HP: 30/47 MP: 6/6
  2273 | D:4      | Found a sand-covered staircase.
  2314 | D:4      | Noticed Blork the orc
  2323 | D:4      | Killed Blork the orc
  2323 | D:4      | Reached skill level 6 in Long Blades
  2329 | D:4      | Noticed Edmund
  2339 | D:4      | Killed Edmund
  2438 | Temple   | Entered the Ecumenical Temple
  2445 | Temple   | Became a worshipper of Ashenzari the Shackled
  2545 | D:4      | Noticed Pikel
  2545 | D:4      | Noticed a slave
  2545 | D:4      | Noticed a slave
  2584 | D:4      | Killed Pikel
  2584 | D:4      | Reached skill level 8 in Long Blades
  2584 | D:4      | Gained mutation: You regenerate a lot of health from kills. [demonic ancestry]
  2584 | D:4      | Reached XP level 7. HP: 23/52 MP: 7/7
  2591 | D:4      | Noticed a freed slave
  2592 | D:4      | Noticed a freed slave
  2597 | D:4      | Found an opulent altar of Gozag.
  2606 | D:4      | Found a deep blue altar of Sif Muna.
  2610 | D:4      | Found a sacrificial altar of Ru.
  2629 | D:4      | Found a sacrificial altar of Ru.
  2824 | D:4      | Gained mutation: You have razor-sharp toenails. [demonic ancestry]
  2824 | D:4      | Reached XP level 8. HP: 56/58 MP: 8/8
  2908 | D:4      | Found Neotag's Antique Armour Boutique.
  2911 | D:4      | Bought a glowing cloak for 76 gold pieces
  2990 | D:4      | Identified the +3 leather armour "Miagih" {rC++ MR+}
  3033 | D:5      | Entered Level 5 of the Dungeon
  3182 | D:5      | Identified the cursed +0 robe of the Falcon {-Tele rElec rPois rN+}
  3234 | D:5      | Noticed Crazy Yiuf
  3240 | D:5      | Killed Crazy Yiuf
  3480 | D:5      | Noticed Sagrath01's ghost (amateur DsCK)
  4091 | D:6      | Found a sand-covered staircase.
  4107 | Ossuary  | Entered an ossuary
  4514 | D:6      | Reached skill level 5 in Fighting
  4548 | D:6      | Reached skill level 5 in Armour
  4584 | D:6      | Found a basalt altar of Yredelemnul.
  4600 | D:6      | Noticed Eustachio
  4629 | D:6      | Killed Eustachio
  4871 | D:6      | Slain by an orc warrior

Action                   |  1- 3 |  4- 6 |  7- 9 || total
-------------------------+-------+-------+-------++-------
Melee: Long sword        |    73 |   146 |       ||   219
       Scimitar          |       |    45 |   355 ||   400
Throw: Javelin           |       |     3 |     7 ||    10
  Use: Scroll            |       |     8 |     6 ||    14
       Potion            |       |     1 |     1 ||     2
  Eat: Chunk             |     1 |     4 |     9 ||    14
